 Dungeon Crawl Stone Soup version 0.25.1-2-g60ff931df9 (webtiles) character file.

Game seed: 120276725553248225

2748 hawla the Placeless Draconian (level 9, 0/68 HPs)
             Began as a Purple Draconian Conjurer on Nov 29, 2020.
             Shot with an arrow by a centaur (3 damage)
             ... on level 7 of the Dungeon.
             The game lasted 00:23:19 (9695 turns).

hawla the Placeless Draconian (DrCj)                Turns: 9695, Time: 00:23:19

Health: 0/68       AC:  8    Str: 10    XL:     9   Next: 41%
Magic:  19/19      EV: 13    Int: 21    God:
Gold:   371        SH:  0    Dex: 13    Spells: 15/22 levels left

rFire    . . .     SeeInvis +   v - +4 dagger "Dragonslayer" {protect, Int+3}
rCold    . . .     Gourm    .   (no shield)
rNeg     . . .     Faith    .   (armour unavailable)
rPois    .         Spirit   .   (helmet restricted)
rElec    .         Reflect  .   (no cloak)
rCorr    .         Harm     .   g - +0 pair of gloves
MR       +....                  (no boots)
Stlth    ++........             (no amulet)
HPRegen  0.21/turn              l - ring of see invisible
MPRegen  0.16/turn              (no ring)

@: slowed, very slow
A: breathe power, unfitting armour, cold-blooded, AC +7
a: Breathe Dispelling Energy


You were on level 7 of the Dungeon.
You were not hungry.

You visited 2 branches of the dungeon, and saw 10 of its levels.
You also visited: Ossuary.

You collected 371 gold pieces.

Inventory:

Hand Weapons
 v - the +4 dagger "Dragonslayer" (weapon) {protect, Int+3}
   (You found it on level 6 of the Dungeon)

   It grants its wielder temporary protection when it strikes (+7 to AC).
   It affects your intelligence (+3).
Missiles
 n - a throwing net (quivered)
Armour
 g - a +0 pair of gloves (worn)
Jewellery
 l - a ring of see invisible (left hand)
 y - an uncursed amulet of regeneration {unknown}
Wands
 a - a wand of flame (21)
 c - a wand of paralysis (6)
 h - a wand of random effects (18)
 t - a wand of iceblast (23)
Scrolls
 d - 2 scrolls of amnesia
 e - 2 scrolls of enchant armour
 f - 3 scrolls of enchant weapon
 k - 4 scrolls of teleportation
 o - 4 scrolls of remove curse
 u - 2 scrolls of identify
Potions
 i - 2 potions of curing
 j - 3 potions of stabbing
 m - 3 potions of berserk rage {unknown}
 p - a potion of brilliance
 q - a potion of lignification {unknown}
 r - 2 potions of flight
 s - a potion of mutation
 w - a potion of heal wounds
Comestibles
 b - 12 rations
 x - 5 chunks of flesh


   Skills:
 + Level 2.8 Fighting
 + Level 3.4 Dodging
 + Level 3.1 Stealth
 + Level 7.0 Spellcasting
 + Level 6.1 Conjurations
 + Level 9.1 Translocations


You had 15 spell levels left.
You knew the following spells:

 Your Spells              Type           Power        Failure   Level  Hunger
a - Magic Dart            Conj           ####         1%          1    None
b - Searing Ray           Conj           ####..       1%          2    None
c - Iskenderun's Mystic   Conj/Tloc      #####...     3%          4    ###....

Your spell library contained the following spells:

 Spells                   Type           Power        Failure   Level  Hunger
 Dazzling Flash           Conj/Hex       ###...       8%          3    #......
 Fulminant Prism          Conj/Hex       ###.......   26%         4    ###....


Dungeon Overview and Level Annotations

Branches:
Dungeon (9/15)             Temple (1/1) D:4         Ossuary (visited)
   Lair: D:8-11         Orc: D:9-12

Altars:
Ashenzari
Cheibriados
Dithmenos
Elyvilon
Fedhas
Gozag
Hepliaklqana
Kikubaaqudgha
Makhleb
Okawaru
Qazlal
Ru
Sif Muna
Trog
Uskayaw
Vehumet
Wu Jian
Xom
Yredelemnul
The Shining One

Shops:
D:2 *


Innate Abilities, Weirdness & Mutations

You can breathe bolts of dispelling energy.
Your rich purple scales are hard. (AC +7)
You cannot fit into any form of body armour.
You are cold-blooded and may be slowed by cold attacks.


Message History

The arrow barely misses you.
The centaur unwields a +1 shortbow of freezing.
The centaur hits the bush but does no damage.
The ice beast hits you. The ice beast freezes you!
The centaur wields a +1 shortbow of freezing.
It is covered in frost.
The centaur shoots an arrow.
The arrow closely misses you. The ice beast hits you.
The ice beast freezes you!
You feel yourself slow down.
The centaur shoots an arrow.
The arrow hits you!
You feel as though you will be slow longer.
The arrow freezes you.
The centaur shoots an arrow.
The arrow hits you!
You feel as though you will be slow longer.
The arrow freezes you.
* * * LOW HITPOINT WARNING * * *
The ice beast barely misses you.
You see here 2 arrows.
The centaur shoots an arrow.
The arrow hits you!
* * * LOW HITPOINT WARNING * * *
The arrow freezes you.
You die...

.. #. #. #. .#. ..
P .. #PP_PP.###
##P.PcP...#
#.P.PPP..#
#....@...#
#.###(Y.## #
#......## . ...###
##..##..#....####..
...... #.#.###
##(........# #.....
#...#. ##((.......
###..# #.#..
#..####...###..#
##...
##.........#..#
##...##
##...........#


You could see an ice beast and a centaur.

Vanquished Creatures
  Pikel (D:5)
  A hippogriff (D:8)
  Eustachio (D:5)
  An orc warrior (D:9)
  A sky beast (D:6)
  An ice beast (D:8)
  3 slaves (D:5)
  4 ogres
  A centaur (D:6)
  An elf zombie (Ossuary)
  2 bullfrogs
  4 scorpions
  3 crimson imps
  A human zombie (Ossuary)
  3 hounds
  3 orc priests (D:5)
  2 orc wizards
  Ijyb (D:3)
  5 worker ants
  2 hound zombies (D:6)
  4 mummies (Ossuary)
  A hound skeleton (D:5)
  A howler monkey zombie (D:7)
  Robin (D:2)
  4 gnolls
  2 worker ant zombies
  8 adders
  3 oozes
  An adder zombie (Ossuary)
  A worm zombie (D:5)
  2 dart slugs
  4 leopard geckos
  8 orcs
  7 bats
  2 giant cockroaches
  17 goblins
  11 hobgoblins
  4 jackals (D:1)
  2 quokkas
  5 ball pythons
  7 frilled lizards
  A gnoll zombie (Ossuary)
  A goblin zombie (Ossuary)
  3 hobgoblin zombies (Ossuary)
  8 kobolds
  3 kobold zombies
  A leopard gecko zombie (D:5)
  An orc zombie (Ossuary)
  A quokka zombie (D:6)
  7 rats
  A rat zombie (Ossuary)
163 creatures vanquished.

Notes
Turn   | Place    | Note
-------+----------+-------------------------------------------
     0 | D:1      | hawla the Draconian Conjurer began the quest for the Orb.
     0 | D:1      | Reached XP level 1. HP: 14/14 MP: 3/3
   302 | D:1      | Reached XP level 2. HP: 17/20 MP: 0/5
   752 | D:1      | Reached XP level 3. HP: 26/26 MP: 0/7
   756 | D:1      | Learned a level 2 spell: Searing Ray
  1568 | D:2      | Found an iron altar of Okawaru.
  1888 | D:2      | Noticed an ogre
  1903 | D:2      | Killed an ogre
  1903 | D:2      | Reached XP level 4. HP: 26/34 MP: 0/10
  1903 | D:2      | Reached XP level 5. HP: 30/39 MP: 0/11
  2128 | D:2      | Found a bloodstained altar of Trog.
  2542 | D:2      | Noticed Robin
  2556 | D:2      | Killed Robin
  2837 | D:2      | Found Gozag's Platinum Reserve.
  2837 | D:2      | Found an opulent altar of Gozag.
  3003 | D:3      | Noticed Ijyb
  3012 | D:3      | Killed Ijyb
  3026 | D:3      | Reached skill level 1 in Fighting
  3308 | D:3      | Learned a level 4 spell: Iskenderun's Mystic Blast
  3582 | D:3      | Found an ancient bone altar of Kikubaaqudgha.
  3629 | D:3      | Reached skill level 1 in Translocations
  4317 | D:4      | Reached XP level 6. HP: 47/47 MP: 7/12
  4437 | D:4      | Reached skill level 2 in Translocations
  4561 | D:4      | Found a stormy altar of Qazlal.
  4643 | D:4      | Reached skill level 3 in Translocations
  5011 | D:4      | Found a staircase to the Ecumenical Temple.
  5040 | Temple   | Entered the Ecumenical Temple
  5459 | D:5      | Entered Level 5 of the Dungeon
  5487 | D:5      | Found a sand-covered staircase.
  5499 | Ossuary  | Entered an ossuary
  5556 | Ossuary  | Reached skill level 4 in Translocations
  5576 | Ossuary  | Your scales start taking on a rich purple colour.
  5576 | Ossuary  | Reached skill level 5 in Spellcasting
  5576 | Ossuary  | Reached XP level 7. HP: 38/52 MP: 2/15
  6034 | D:5      | Reached skill level 5 in Translocations
  6405 | D:5      | Reached skill level 6 in Translocations
  6635 | D:5      | Found a shattered altar of Ashenzari.
  7001 | D:5      | Noticed Pikel
  7072 | D:5      | Killed Pikel
  7072 | D:5      | Reached skill level 8 in Translocations
  7072 | D:5      | Reached XP level 8. HP: 10/59 MP: 0/16
  7435 | D:5      | Noticed Eustachio
  7457 | D:5      | Killed Eustachio
  7887 | D:6      | Reached skill level 5 in Conjurations
  8154 | D:6      | Found a snail-covered altar of Cheibriados.
  8325 | D:6      | Reached skill level 9 in Translocations
  8414 | D:6      | Got an ichor-stained dagger
  8415 | D:6      | Identified the +4 dagger "Dragonslayer" {protect, Int+3}
                  | (You found it on level 6 of the Dungeon)
  8437 | D:6      | Found a shadowy altar of Dithmenos.
  8838 | D:6      | Reached XP level 9. HP: 68/68 MP: 10/18
  8892 | D:6      | You fall into a shaft and drop 3 floors!
  8892 | D:9      | Found a burning altar of Makhleb.
  9118 | D:8      | Found a shimmering blue altar of Sif Muna.
  9690 | D:7      | Found a blossoming altar of Fedhas.
  9695 | D:7      | HP: 3/68 [centaur/arrow (16)]
  9695 | D:7      | Shot with an arrow by a centaur

Illustrated notes

Levels and vault maps discovered:
D:1:      dpeg_arrival_shrine, layout_basic
D:2:      cheibrodos_old_hovel, layout_rooms, kennysheep_okawaru_gauntlet,
          lemuel_coloured_pillars_altar, serial_bayou, serial_bayou_lake_a,
          serial_bayou_pond_a, serial_bayou_shore_a, serial_bayou_pond_a,
          first_ration, minmay_crystal_room, chequers_serial_rivers_micro_a,
          nicolae_gozag_zags_fifth_avenue, uniq_robin
D:3:      layout_loops_corners, overflow_temple_1_default,
          minmay_shallow_snake_nest, uniq_ijyb
D:4:      layout_loops_ring, lemuel_crystal_altar, minmay_temple_entry_junction
D:5:      layout_basic, ashenzari_conservatory_becter, enter_ossuary_3,
          minmay_misc_feat_tiny, uniq_pikel, uniq_eustachio
D:6:      minmay_evil_eye, layout_basic, grunt_dithmenos_smoke,
          cheibriados_altar_1, hangedman_decor_push, nrook_mini_vaults,
          hangedman_abyss_or_decor_passed
D:7:      cheibrodos_shockbox, layout_layer_cave,
          grunt_temple_overflow_opulence, fedhas_bush_and_centaur_altar
D:8:      layout_rooms, basic_altar, grunt_livestock, grunt_ministairs_10
D:9:      layout_roguey, lemuel_doored_altar, zin_purify,
          nicolae_overflow_crystal_walls, lair_entry_dummy, basic_altar
Temple:   jpeg_temple_island

Skill      XL: |  1  2  3  4  5  6  7  8  9 |
---------------+----------------------------+-----
Spellcasting   | 3 4 5 6 7 |  7.0
Dodging        | 2 3 |  3.4
Stealth        | 2 3 |  3.1
Fighting       | 1 2 |  2.8
Translocations | 1 4 8 9 |  9.1
Conjurations   | 5 6 |  6.1

Action                   |  1- 3 |  4- 6 |  7- 9 || total
-------------------------+-------+-------+-------++-------
Melee: Unarmed           |    22 |       |       ||    22
       Tailslap          |     2 |     4 |     5 ||    11
       Dagger            |     9 |    34 |    49 ||    92
Throw: Throwing net      |       |     1 |       ||     1
 Cast: Magic Dart        |    53 |    59 |    50 ||   162
       Searing Ray       |    10 |    26 |    53 ||    89
       Iskenderun's Myst |       |     8 |     6 ||    14
  Use: Scroll            |     3 |     9 |     7 ||    19
       Potion            |       |     6 |     3 ||     9
  Eat: Chunk             |     3 |    11 |    10 ||    24
       Ration            |       |     1 |     1 ||     2
Armor: Skin              |    15 |    20 |    42 ||    77
Dodge: Dodged            |    50 |    62 |    98 ||   210
